 Dungeon Crawl Stone Soup version 0.23-a0-607-g760965b (webtiles) character file.

211585 SquirrelNutz the Devastator (level 18, -1/101 HPs)
             Began as a Deep Elf Conjurer on Dec 20, 2018.
             Was the Champion of Makhleb.
             Shot with an arrow by a deep elf master archer (28 damage)
             ... on level 3 of the Elven Halls.
             The game lasted 03:21:53 (39848 turns).

SquirrelNutz the Devastator (Deep Elf Conjurer)    Turns: 39848, Time: 03:21:54

Health: -1/101     AC: 17    Str: 24    XL:     18   Next: 59%
Magic:  5/61       EV: 15    Int: 29    God:    Makhleb [******]
Gold:   1628       SH: 17    Dex: 16    Spells: 12/53 levels left

rFire    . . .     SeeInvis .   Q - +5 trident "Goha" {pierce, rN+ Str+2 Stlth+}
rCold    + + .     Gourm    .   W - +4 shield {reflect}
rNeg     + + +     Faith    .   J - +1 ring mail "Antogoup" {Str+3 Dex+5 Slay-3}
rPois    +         Spirit   .   V - +3 hat of Pondering {ponderous, MR+ MP+10 Int+5}
rElec    +         Reflect  +   C - scarf {rC+ rF+}
rCorr    .         Harm     .   q - +2 pair of gloves
MR       ++++.                  D - +2 pair of boots
Stlth    +++.......             R - amulet of magic regeneration
HPRegen  0.66/turn              w - ring "Darol" {rPois rC+ rN++ MR+ Dex-4}
MPRegen  0.62/turn              y - ring "Jayphom" {rElec rF- rN+ MP+9 Str+9}

@: slow
A: magic resistance 1, regeneration 1
a: Minor Destruction, Lesser Servant of Makhleb, Major Destruction, Greater
Servant of Makhleb, Renounce Religion


You were on level 3 of the Elven Halls.
You worshipped Makhleb.
Makhleb was exalted by your worship.
You were hungry.

You visited 5 branches of the dungeon, and saw 27 of its levels.
You also visited: Ossuary.

You collected 2808 gold pieces.
You spent 1180 gold pieces at shops.

Inventory:

Hand Weapons
 Q - the +5 trident "Goha" (weapon) {pierce, rN+ Str+2 Stlth+}
   (You took it off a deep elf death mage on level 3 of the Elven Halls)

   It inflicts extra damage upon your enemies.
   It affects your strength (+2).
   It protects you from negative energy.
   It makes you more stealthy.
 T - a +3 hand crossbow of flaming
Missiles
 o - 72 stones (quivered)
 G - 6 throwing nets
 U - 211 bolts
Armour
 q - a +2 pair of gloves (worn)
 A - a +2 helmet
 C - a scarf of resistance (worn)
 D - a +2 pair of boots (worn)
 J - the +1 ring mail "Antogoup" (worn) {Str+3 Dex+5 Slay-3}
   (You found it on level 8 of the Dungeon)

   It affects your strength (+3).
   It affects your dexterity (+5).
   It affects your accuracy and damage with ranged weapons and melee attacks
   (-3).
 V - the +3 hat of Pondering (worn) {ponderous, MR+ MP+10 Int+5}
   (You took it off Gastronok on level 9 of the Dungeon)

   It affects your intelligence (+5).
   It affects your resistance to hostile enchantments.
   It affects your magic capacity (+10).
 W - a +4 shield of reflection (worn)
Jewellery
 a - the ring of Pemoidd Kefe {rF+ Stlth+}
   (You found it on level 6 of the Lair of Beasts)

   [ring of protection from fire]

   It protects you from fire.
   It makes you more stealthy.
 b - the ring "Digeeruf" {Int+6 Stlth+}
   (You took it off a red devil on level 6 of the Lair of Beasts)

   [ring of stealth]

   It affects your intelligence (+6).
   It makes you more stealthy.
 d - an uncursed ring of fire
 r - an uncursed ring of positive energy
 w - the ring "Darol" (left hand) {rPois rC+ rN++ MR+ Dex-4}
   (You took it off a deep elf sorcerer on level 3 of the Elven Halls)

   [ring of protection from cold]

   It affects your dexterity (-4).
   It protects you from cold.
   It protects you from poison.
   It greatly protects you from negative energy.
   It affects your resistance to hostile enchantments.
 y - the ring "Jayphom" (right hand) {rElec rF- rN+ MP+9 Str+9}
   (You found it on level 5 of the Dungeon)

   [ring of positive energy]

   It affects your strength (+9).
   It makes you vulnerable to fire.
   It insulates you from electricity.
   It protects you from negative energy.
   It affects your magic capacity (+9).
 z - an uncursed ring of see invisible
 H - an uncursed ring of protection from magic
 R - an amulet of magic regeneration (around neck)
Wands
 i - a wand of disintegration (21)
 K - a wand of digging (5)
 S - a wand of acid (22)
Scrolls
 g - 8 scrolls of teleportation
 h - 4 scrolls of blinking
 j - 8 scrolls of remove curse
 n - 2 scrolls of fear
 p - 3 scrolls of fog
 v - 9 scrolls of identify
 I - 3 scrolls of immolation {unknown}
 L - a scroll of holy word {unknown}
 M - 4 scrolls of amnesia
Potions
 e - a potion of magic
 f - 6 potions of haste
 k - 5 potions of brilliance
 l - 5 potions of invisibility
 m - 3 potions of flight
 s - 3 potions of cancellation
 t - 5 potions of agility
 u - 10 potions of curing
 x - 2 potions of might
 B - 7 potions of lignification
 E - a potion of berserk rage
 F - 5 potions of heal wounds
 P - 2 potions of resistance
Miscellaneous
 O - a lightning rod (4/4)
Comestibles
 c - 40 rations


   Skills:
 + Level 7.2 Fighting
 - Level 1.7 Crossbows
 - Level 7.0 Armour
 - Level 7.9 Dodging
 - Level 3.2 Stealth
 * Level 10.5 Shields
 + Level 18.3 Spellcasting
 + Level 19.9 Conjurations
 - Level 3.4 Hexes
 - Level 3.1 Charms
 * Level 2.0 Summonings
 - Level 4.0 Necromancy
 - Level 5.2 Translocations
 * Level 9.2 Fire Magic
 - Level 10.0 Invocations


You had 12 spell levels left.
You knew the following spells:

 Your Spells              Type           Power        Failure   Level  Hunger
c - Iskenderun's Mystic   Conj           #######.     0%          4    None
d - Fulminant Prism       Conj/Hex       #######...   1%          4    None
e - Force Lance           Conj/Tloc      #######.     1%          4    None
f - Regeneration          Chrm/Necr      #####.....   3%          3    None
g - Fireball              Conj/Fire      #######...   1%          5    None
h - Sticky Flame          Conj/Fire      #######.     1%          4    None
i - Orb of Destruction    Conj           #######...   1%          7    ####...
j - Conjure Flame         Conj/Fire      #######.     1%          3    None
k - Spellforged Servitor  Conj/Summ      ######....   36%         7    ####...

Your spell library contained the following spells:

 Spells                   Type           Power        Failure   Level  Hunger
 Flame Tongue             Conj/Fire      #####        0%          1    None
 Magic Dart               Conj           ####         0%          1    None
 Searing Ray              Conj           ######       0%          2    None
 Throw Flame              Conj/Fire      ######       0%          2    None
 Animate Skeleton         Necr           N/A          1%          1    None
 Infusion                 Chrm           ####         1%          1    None
 Pain                     Necr           ####         1%          1    None
 Shock                    Conj/Air       ####         1%          1    None
 Sting                    Conj/Pois      ####         1%          1    None
 Shroud of Golubria       Chrm/Tloc      ######....   1%          2    None
 Song of Slaying          Chrm           #####...     1%          2    None
 Dazzling Spray           Conj/Hex       ######       1%          3    None
 Throw Icicle             Conj/Ice       ######..     1%          4    None
 Iskenderun's Battlesphe  Conj/Chrm      #######.     1%          5    None
 Lightning Bolt           Conj/Air       ######....   1%          5    None
 Venom Bolt               Conj/Pois      ######....   1%          5    None
 Bolt of Fire             Conj/Fire      #######...   1%          6    #......
 Vampiric Draining        Necr           #####.....   2%          3    None
 Bolt of Magma            Conj/Fire/Erth ######....   2%          5    None
 Ignite Poison            Fire/Tmut/Pois #####...     3%          3    None
 Spectral Weapon          Hex/Chrm       #####...     3%          3    None
 Animate Dead             Necr           N/A          8%          4    None
 Iron Shot                Conj/Erth      ######....   11%         6    #......
 Excruciating Wounds      Chrm/Necr      #####.....   26%         5    None
 Petrify                  Tmut/Erth      ####....     38%         4    None
 Ring of Flames           Chrm/Fire      ######....   96%         7    ####...
 Deflect Missiles         Chrm/Air       #####.....   98%         6    #......
 Ignition                 Fire           ######....   99%         8    ######.


Dungeon Overview and Level Annotations

Branches:
Dungeon (15/15)            Temple (1/1) D:7            Lair (6/6) D:9
  Swamp (0/4) Lair:4       Spider (0/4) Lair:4        Slime (0/5) Lair:6
    Orc (2/2) D:11            Elf (3/3) Orc:2        Vaults (0/5) D:14
 Depths (0/5) D:15

Altars:
Ashenzari
Cheibriados
Dithmenos
Elyvilon
Fedhas
Gozag
Hepliaklqana
Kikubaaqudgha
Makhleb
Nemelex Xobeh
Okawaru
Qazlal
Ru
Sif Muna
Trog
Uskayaw
Vehumet
Wu Jian
Xom
Yredelemnul
Zin
The Shining One
Jiyva

Shops:
D:9 [}[[}   D:12 [   Orc:1 [   Orc:2 !*}?   Elf:1 =}=(   Elf:2 ?

Portals:
Hell: Lair:6

Annotations:
D:3 3 runed doors, ilii's ghost, amateur MfSu
D:5 exclusion: downstairs
D:9 exclusion: downstairs
D:11 exclusion: 2 downstairs
D:12 exclusion: downstairs
D:13 exclusion: 2 downstairs
Lair:5 exclusion: 2 downstairs
Orc:1 exclusion: downstairs


Innate Abilities, Weirdness & Mutations

You are resistant to hostile enchantments. (MR+)
Your natural rate of healing is unusually fast.


Message History

The arrow closely misses you.
You hit the deep elf annihilator.
The deep elf annihilator is almost dead.
The deep elf master archer shoots an arrow.
The arrow hits you!!
You block the deep elf annihilator's attack.
Your neqoxec hits the deep elf annihilator!
The deep elf annihilator dies!
Makhleb accepts your kill.
Your Summonings skill increases to level 2!
The deep elf master archer shoots an arrow.
The arrow hits you!!!
* * * LOW HITPOINT WARNING * * *
You feel much better.
The deep elf master archer shoots an arrow.
You reflect the arrow off your +4 shield of reflection!
The arrow barely misses the deep elf master archer.
The deep elf master archer shoots an arrow.
The arrow hits you!!
You die...

.... #..# #..# #)(# #).# #..#
#e)##
###########)..############
#....))))@#)..#......#....
#.##)##..3e##.)..##..#.##.
#.##)##.....#....##..#.##.
#.##)##.....(..####.......
#.##.##.###.#### ####)###
#..#.##.###.##### #..)#
##(#.....#.......####)..###
##.###......................
##.#...#.###.......#.....^...


You could see a deep elf master archer and a friendly neqoxec.

Vanquished Creatures
  3 deep elf blademasters
  Gastronok (D:9)
  Agnes (Elf:2)
  8 deep elf sorcerers
  Louise (D:14)
  2 deep elf elementalists (Elf:3)
  An ironheart preserver (D:14)
  2 entropy weavers
  3 deep elf demonologists
  5 deep elf annihilators
  4 deep elf death magi
  4 deep elf high priests
  A yaktaur captain (D:15)
  Erica (D:8)
  Harold (D:11)
  9 hydras
  3 centaur warriors
  14 two-headed ogres
  2 death knights (D:14)
  A queen ant (Lair:6)
  2 tengu warriors
  2 ogre magi (Orc:2)
  27 dancing weapons
  Sonja (Orc:2)
  22 deep elf knights
  A sun demon (Lair:6)
  3 skeletal warriors
  2 deep trolls (Orc:2)
  An unseen horror (D:14)
  7 deep elf archers
  A wizard (Lair:6)
  4 orc knights
  Pikel (D:6)
  3 phantasmal warriors
  4 orc sorcerers
  52 deep elf magi
  17 ugly things
  A manticore (D:11)
  3 cyclopes
  4 elephants
  3 black mambas (Lair:6)
  11 spiny frogs
  An orange demon (Lair:6)
  2 gargoyles (D:14)
  4 kobold demonologists
  A yaktaur (D:15)
  10 komodo dragons
  7 rime drakes
  2 ice devils (Lair:6)
  A tengu conjurer (D:13)
  A hellwing (Lair:6)
  3 red devils (Lair:6)
  A hornet (D:12)
  15 trolls
  6 slime creatures
  22 blink frogs
  A meliai zombie (D:15)
  7 dream sheep (Lair:6)
  9 hippogriffs
  A centaur simulacrum (D:15)
  An air elemental (Elf:2)
  A vampire (D:12)
  3 shadows
  4 water elementals
  A redback (Lair:4)
  34 yaks
  8 wyverns
  4 wraiths
  8 basilisks
  A hog (shapeshifter) (D:15)
  A fire elemental (Elf:2)
  6 vampire mosquitoes
  A redback simulacrum (D:15)
  2 hungry ghosts
  Menkaure (D:6)
  21 soldier ants
  5 wargs
  8 water moccasins
  3 hell hounds (Lair:6)
  12 porcupines
  7 ice beasts
  3 phantoms
  2 black bears
  9 sky beasts
  A hornet zombie (D:15)
  3 necrophages
  18 orc warriors
  2 eyes of draining (D:12)
  4 slaves
  13 centaurs
  29 ogres
  An eye of draining (shapeshifter) (D:14)
  3 wolves (Lair:3)
  5 boggarts (D:15)
  14 crocodiles
  2 elf zombies (Ossuary)
  8 big kobolds
  12 bullfrogs
  A wyvern zombie (D:11)
  2 earth elementals (Elf:1)
  A water moccasin zombie (D:2)
  3 scorpions
  25 killer bees
  18 wights
  8 howler monkeys
  2 electric eels (Lair:5)
  8 crimson imps
  A lava snake (Lair:5)
  A bullfrog zombie (D:7)
  7 centaur zombies
  2 jellies
  4 bullfrog skeletons
  A gnoll shaman (Orc:2)
  3 hounds
  A human zombie (Ossuary)
  2 quasits
  13 orc priests
  9 centaur skeletons
  36 worker ants
  19 orc wizards
  A big kobold zombie (Ossuary)
  2 hound zombies
  2 hound skeletons
  5 mummies
  A howler monkey skeleton (D:4)
  7 gnolls
  17 adders
  2 oozes
  2 adder zombies (Ossuary)
  2 adder skeletons (D:8)
  5 worms
  4 dart slugs
  3 leopard geckos
  94 orcs
  3 ball pythons
  11 bats
  6 giant cockroaches
  9 goblins
  7 hobgoblins
  30 kobolds
  6 quokkas
  A ball python zombie (D:6)
  8 frilled lizards
  A hobgoblin zombie (Ossuary)
  2 jackal skeletons (D:4)
  A kobold zombie (D:4)
  2 orc zombies
  A quokka skeleton (D:6)
  A quokka zombie (D:7)
  6 rats
  A spectral orc (D:6)
  2 fire vortices (Lair:6)
  4 fungi
  3 plants
1013 creatures vanquished.

Vanquished Creatures (collateral kills)
  A deep elf annihilator (Elf:3)
  A bullfrog zombie (D:12)
  A worker ant (D:12)
  An adder (D:12)
4 creatures vanquished.

Vanquished Creatures (others)
  2 deep elf archers
  A human (D:9)
  An orc (Orc:2)
  A gnoll zombie (Ossuary)
  A jackal zombie (Ossuary)
  A rat zombie (Ossuary)
  A bush (Lair:6)
  44 fulminant prisms
  5 fungi (Lair:6)
  A plant (Lair:6)
58 creatures vanquished.

Grand Total: 1075 creatures vanquished

Notes
Turn   | Place    | Note
-------+----------+-------------------------------------------
     0 | D:1      | SquirrelNutz the Deep Elf Conjurer began the quest for the
                  | Orb.
     0 | D:1      | Reached XP level 1. HP: 10/10 MP: 6/6
   157 | D:1      | Reached XP level 2. HP: 15/15 MP: 4/8
   209 | D:1      | Learned a level 2 spell: Searing Ray
   389 | D:1      | Reached skill level 5 in Conjurations
   703 | D:1      | Reached XP level 3. HP: 19/19 MP: 4/9
  1255 | D:2      | Reached XP level 4. HP: 23/24 MP: 7/12
  1503 | D:2      | Reached skill level 6 in Conjurations
  1868 | D:2      | Reached XP level 5. HP: 28/28 MP: 11/13
  2892 | D:3      | Learned a level 4 spell: Fulminant Prism
  2897 | D:3      | Learned a level 4 spell: Iskenderun's Mystic Blast
  2900 | D:3      | Found a runed gate.
  2923 | D:3      | Noticed ilii's ghost (amateur MfSu)
  3416 | D:3      | Found a runed gate.
  3416 | D:3      | Found a runed gate.
  4089 | D:4      | Reached skill level 5 in Spellcasting
  4210 | D:4      | Reached XP level 6. HP: 33/33 MP: 11/15
  4245 | D:4      | Reached skill level 1 in Armour
  4288 | D:4      | Found a sand-covered staircase.
  4550 | Ossuary  | Entered an ossuary
  4599 | Ossuary  | Reached skill level 1 in Fighting
  4985 | Ossuary  | Reached XP level 7. HP: 9/38 MP: 2/17
  6024 | D:4      | Reached skill level 7 in Conjurations
  6381 | D:5      | Entered Level 5 of the Dungeon
  6982 | D:5      | Got a clouded wooden ring
  7325 | D:5      | Found a shadowy altar of Dithmenos.
  7368 | D:6      | Found a hide-covered altar of Uskayaw.
  7375 | D:6      | Noticed Menkaure
  7381 | D:5      | Reached XP level 8. HP: 43/43 MP: 12/20
  7552 | D:6      | Killed Menkaure
  7661 | D:6      | Noticed Pikel
  7788 | D:6      | Identified the ring "Jayphom" {rElec rF- rN+ MP+9 Str+9}
                  | (You found it on level 5 of the Dungeon)
  7940 | D:6      | Found a shattered altar of Ashenzari.
  7953 | D:6      | Gained mutation: Your natural rate of healing is unusually
                  | fast. [potion of mutation]
  7953 | D:6      | Gained mutation: You are resistant to hostile enchantments.
                  | (MR+) [potion of mutation]
  8034 | D:6      | Killed Pikel
  8034 | D:6      | Reached skill level 8 in Conjurations
  8250 | D:6      | Found a basalt altar of Yredelemnul.
  8539 | D:7      | Noticed a hippogriff
  8548 | D:7      | Killed a hippogriff
  8548 | D:7      | Reached XP level 9. HP: 41/47 MP: 12/24
  8692 | D:7      | Found a staircase to the Ecumenical Temple.
  8697 | Temple   | Entered the Ecumenical Temple
  8805 | Temple   | Became a worshipper of Makhleb the Destroyer
  8827 | D:7      | Reached skill level 9 in Conjurations
  9002 | D:7      | Reached skill level 10 in Spellcasting
  9303 | D:7      | Reached skill level 5 in Armour
  9724 | D:7      | Found a shimmering altar of Xom.
  9725 | D:7      | Found a shimmering altar of Xom.
  9725 | D:7      | Found a shimmering altar of Xom.
  9726 | D:7      | Found a shimmering altar of Xom.
  9726 | D:7      | Found a shimmering altar of Xom.
  9726 | D:7      | Found a shimmering altar of Xom.
  9735 | D:7      | Found a shimmering altar of Xom.
 10053 | D:7      | Reached * piety under Makhleb
 10219 | D:7      | Noticed a death drake
 10220 | D:7      | Noticed an orb spider
 10263 | D:7      | Learned a level 4 spell: Force Lance
 10283 | D:8      | Reached skill level 1 in Hexes
 10333 | D:8      | Got a bronze ring mail
 10344 | D:8      | Identified the cursed +1 ring mail "Antogoup" {Str+3 Dex+5
                  | Slay-3} (You found it on level 8 of the Dungeon)
 10473 | D:8      | Reached skill level 10 in Conjurations
 10661 | D:8      | Found an opulent altar of Gozag.
 10773 | D:8      | Reached skill level 1 in Translocations
 10926 | D:8      | Noticed Erica
 10932 | D:8      | Killed Erica
 10932 | D:8      | Reached XP level 10. HP: 52/52 MP: 27/27
 11182 | D:9      | Found Eluz's Antique Armour Emporium.
 11652 | D:9      | Found an ancient bone altar of Kikubaaqudgha.
 11709 | D:9      | Reached ** piety under Makhleb
 11869 | D:9      | Noticed a rust devil
 11971 | D:9      | Reached skill level 11 in Conjurations
 12259 | D:9      | Found Worchifuq's Armour Shoppe.
 12261 | D:9      | Found Roagerr's Gadget Emporium.
 12424 | D:9      | Found a staircase to the Lair.
 12701 | D:9      | Noticed Gastronok
 12722 | D:9      | Killed Gastronok
 12722 | D:9      | Reached skill level 5 in Translocations
 12722 | D:9      | Reached XP level 11. HP: 56/56 MP: 15/30
 13006 | D:9      | Found Irhoeqod's Gadget Shoppe.
 13026 | D:9      | Found Ywnisuo's Armour Shop.
 13142 | D:9      | Found a bloodstained altar of Trog.
 13143 | D:9      | Found a deep blue altar of Sif Muna.
 13203 | D:10     | Entered Level 10 of the Dungeon
 13228 | D:10     | Reached *** piety under Makhleb
 13363 | D:10     | Reached skill level 1 in Invocations
 13735 | D:9      | Reached skill level 12 in Conjurations
 14277 | D:10     | Noticed a two-headed ogre
 14282 | D:10     | Killed a two-headed ogre
 14547 | D:11     | Reached **** piety under Makhleb
 14744 | D:11     | Reached skill level 13 in Conjurations
 14869 | D:11     | Noticed Harold
 14873 | D:11     | Killed Harold
 15017 | D:11     | Reached XP level 12. HP: 64/64 MP: 31/31
 15423 | D:11     | Found a staircase to the Orcish Mines.
 15848 | D:12     | Reached skill level 5 in Invocations
 16837 | D:12     | Noticed a six-headed hydra
 16842 | D:12     | Killed a six-headed hydra
 16842 | D:12     | Reached skill level 14 in Conjurations
 17035 | D:12     | Found Juots's Armour Emporium.
 17542 | D:13     | Reached skill level 1 in Crossbows
 17910 | D:13     | Noticed a centaur warrior
 17918 | D:13     | Killed a centaur warrior
 18231 | D:13     | Noticed a centaur warrior
 18244 | D:13     | Noticed a two-headed ogre
 18249 | D:13     | Killed a centaur warrior
 18249 | D:13     | Noticed a two-headed ogre
 18809 | D:13     | Killed a two-headed ogre
 18809 | D:13     | Reached skill level 15 in Conjurations
 18812 | D:13     | Reached skill level 5 in Fighting
 19295 | D:13     | Reached ***** piety under Makhleb
 19409 | D:13     | Killed a two-headed ogre
 19583 | D:13     | Found a shadowy altar of Dithmenos.
 19609 | D:13     | Noticed a two-headed ogre
 19612 | D:13     | Killed a two-headed ogre
 19758 | D:13     | Noticed a tengu warrior
 19773 | D:13     | Killed a tengu warrior
 19773 | D:13     | Reached XP level 13. HP: 46/72 MP: 12/32
 20225 | D:14     | Noticed Louise
 20771 | D:14     | Found an iron altar of Okawaru.
 21525 | D:13     | Found a shadowy altar of Dithmenos.
 21879 | D:14     | Reached skill level 16 in Conjurations
 22045 | D:14     | Noticed an ironheart preserver
 22054 | D:14     | Killed an ironheart preserver
 22138 | D:14     | Killed Louise
 22225 | D:14     | Found a gate to the Vaults.
 22268 | D:14     | Identified Sif Muna's Tome of Flying Good Luck
 22312 | D:14     | Reached skill level 15 in Spellcasting
 22797 | D:15     | Entered Level 15 of the Dungeon
 22916 | D:15     | Reached skill level 1 in Shields
 23368 | D:15     | Found a staircase to the Depths.
 23690 | D:14     | Reached XP level 14. HP: 82/82 MP: 25/35
 23927 | D:15     | Found a glowing golden altar of the Shining One.
 24098 | D:15     | Reached ****** piety under Makhleb
 24816 | Lair:1   | Entered Level 1 of the Lair of Beasts
 24837 | Lair:1   | Reached skill level 5 in Shields
 27674 | Lair:4   | Found a hole to the Spider Nest.
 27769 | Lair:4   | Found a staircase to the Swamp.
 27779 | Lair:4   | Learned a level 3 spell: Regeneration
 28291 | Lair:5   | Reached skill level 1 in Necromancy
 28300 | Lair:5   | Reached skill level 1 in Charms
 28919 | Lair:6   | Entered Level 6 of the Lair of Beasts
 29115 | Lair:5   | Learned a level 5 spell: Fireball
 29386 | Lair:6   | Reached XP level 15. HP: 86/86 MP: 36/37
 29836 | Lair:6   | Found a staircase to the Slime Pits.
 29837 | Lair:6   | Found a viscous altar of Jiyva.
 29977 | Lair:6   | Reached skill level 1 in Fire Magic
 30012 | Lair:6   | Identified a scroll of acquirement
 30012 | Lair:6   | Identified the Volume of the Destructive Arsonist (You
                  | acquired it on level 6 of the Lair of Beasts)
 30021 | Lair:6   | Learned a level 4 spell: Sticky Flame
 30268 | Lair:6   | Reached skill level 10 in Invocations
 30835 | Lair:6   | Got a glittering turquoise ring
 30837 | Lair:6   | Identified the ring of Pemoidd Kefe {rF+ Stlth+} (You found
                  | it on level 6 of the Lair of Beasts)
 31897 | Lair:6   | Identified the ring "Digeeruf" {Int+6 Stlth+}
 31978 | Lair:6   | Found a burning altar of Makhleb.
 31984 | Lair:6   | Found a gateway to Hell.
 32256 | Orc:1    | Entered Level 1 of the Orcish Mines
 32384 | D:11     | Learned a level 7 spell: Orb of Destruction
 32476 | Orc:1    | Found Cimoaq's Armour Shop.
 32481 | Orc:1    | Learned a level 3 spell: Conjure Flame
 33138 | Orc:2    | Entered Level 2 of the Orcish Mines
 33680 | Orc:2    | Found a staircase to the Elven Halls.
 33948 | Orc:2    | Noticed Sonja
 33959 | Orc:2    | Killed Sonja
 35044 | Orc:2    | Reached skill level 5 in Fire Magic
 35239 | Orc:2    | Found Guupt's General Store.
 35241 | Orc:2    | Reached XP level 16. HP: 92/92 MP: 40/40
 35272 | Orc:2    | Found Xavvet's Magic Scroll Shop.
 35277 | Orc:2    | Found Pixaxiul's Distillery.
 35279 | Orc:2    | Bought a scroll of blinking for 135 gold pieces
 35284 | Orc:2    | Bought a scroll of enchant armour for 120 gold pieces
 35287 | Orc:2    | Found Cety's Gadget Boutique.
 35458 | Orc:2    | Bought a potion of heal wounds for 65 gold pieces
 35458 | Orc:2    | Bought a potion of experience for 650 gold pieces
 35458 | Orc:2    | Reached XP level 17. HP: 96/96 MP: 41/41
 35475 | Orc:2    | Bought a scroll of identify for 36 gold pieces
 35481 | Orc:2    | Bought a scroll of identify for 32 gold pieces
 35552 | Elf:1    | Entered Level 1 of the Elven Halls
 35787 | Elf:1    | Found Wuing's Jewellery Shoppe.
 35788 | Elf:1    | Found Feuwawn's Gadget Boutique.
 35789 | Elf:1    | Found Byebiyc's Jewellery Shoppe.
 35894 | Elf:1    | Found Gulaynn's Weapon Emporium.
 36014 | Elf:1    | Reached skill level 17 in Conjurations
 36271 | Elf:1    | Identified Sif Muna's Compendium of Destructive Stones
 36763 | Elf:2    | Found Beebrah's Magic Scroll Shop.
 36771 | Elf:2    | Bought a scroll of enchant armour for 112 gold pieces
 36771 | Elf:2    | Bought a scroll of fog for 30 gold pieces
 37017 | Elf:2    | Reached skill level 18 in Conjurations
 37074 | Elf:2    | Noticed Agnes
 37083 | Elf:2    | Killed Agnes
 37628 | Elf:2    | Found a huge runed gate.
 37628 | Elf:2    | Found a huge runed gate.
 37628 | Elf:2    | Found a huge runed gate.
 37628 | Elf:2    | Found a huge runed gate.
 37630 | Elf:2    | Found a huge runed gate.
 37830 | Elf:2    | Noticed a deep elf blademaster
 37842 | Elf:2    | Killed a deep elf blademaster
 38011 | Elf:2    | Reached XP level 18. HP: 101/101 MP: 38/42
 38163 | Elf:2    | Reached skill level 10 in Shields
 38216 | Elf:2    | Reached skill level 19 in Conjurations
 38386 | Elf:3    | Entered Level 3 of the Elven Halls
 38727 | Elf:3    | Noticed an Ice Fiend
 39428 | Elf:3    | Identified the ring "Darol" {rPois rC+ rN++ MR+ Dex-4}
 39478 | Elf:3    | Identified the +5 trident "Goha" {pierce, rN+ Str+2 Stlth+}
 39478 | Elf:3    | Identified the +3 leather armour of Absence {rPois rF+ rC-
                  | Slay+3}
 39590 | Elf:3    | Learned a level 7 spell: Spellforged Servitor
 39683 | Elf:3    | Identified the +8 mace "Duecwuxu" {holy, *Drain rC+++ MR+
                  | Dex+5}
 39736 | Elf:3    | Identified the ring "Giemegut" {-Tele +Inv AC+5 Str+3
                  | Int+3}
 39740 | Elf:3    | Reached skill level 1 in Summonings
 39789 | Elf:3    | Identified the ring "Yrchadeci" {*Drain Str+8 Dex+5 Stlth-}
 39848 | Elf:3    | Shot with an arrow by a deep elf master archer

Vault maps used:
D:1:      minmay_arrival_four_houses
D:2:      first_ration, grunt_ministairs_2, chequers_decorated_corner,
          minmay_ruptured
D:3:      gammafunk_ghost_icy
D:4:      nicolae_ossuary_entry_giza
D:5:      kennysheep_mini_moat
D:6:      yredelemnul_forgotten_temple_becter,
          chequers_temple_overflow_statue_of_worship, uniq_menkaure, uniq_pikel
D:7:      xom_shifter_show, temple_doors_e, kennysheep_decorative_pillar,
          grunt_ogre_cave
D:8:      kennysheep_mini, uniq_erica
D:9:      gammafunk_temple_overflow_statue, lair_entry_dummy, serial_shops,
          shop, shop, shop, shop, nicolae_shop_stone, special_room,
          tgw_kikubaaqudgha, uniq_gastronok
D:11:     orc_0_dummy, grunt_ministairs_7, uniq_harold
D:12:     serial_shops, shop
D:13:     corner_web_ring, nicolae_dithmenos_shadow_blocks
D:14:     skrybe_vaults_entry_preservation, basic_altar, uniq_louise
D:15:     grunt_enter_depths_snipers, nicolae_tso_carved_into_rock
Temple:   nicolae_temple_great_sept
Lair:1:   minivault_26, serial_bayou_shore_b, lemuel_fruit_tree,
          grunt_megastairs_2
Lair:3:   lemuel_fruit_fields
Lair:4:   minmay_swamp_entry_reptiles, spider_nest_entry_rubble,
          kennysheep_basilisk_garden, infiniplex_staircase_pool
Lair:5:   beast_lair_carwin_1
Lair:6:   evil_forest, slime_altar_1, zaba_anthell, infiniplex_staircase_pool_2
Orc:1:    serial_shops, shop, guppyfry_library_mini
Orc:2:    st_orc_open, uniq_sonja
Elf:1:    serial_shops, shop_fountains, hangedman_corner_corridor,
          minmay_shop_grove
Elf:2:    serial_shops, shop, st_stairs_8, uniq_agnes
Elf:3:    minmay_elf_hall_spiked, uniq_asterion
Ossuary:  ossuary_minmay_tomb_2a

Skill      XL: |  1  2  3  4  5  6  7  8  9 10 11 12 13 14 15 16 17 18 |
---------------+-------------------------------------------------------+-----
Conjurations   | 5 6 7 8 10 11 13 15 16 18 19 | 19.9
Stealth        | 3 |  3.2
Spellcasting   | 4 5 7 9 11 13 15 16 18 | 18.3
Armour         | 2 3 4 6 7 |  7.0
Fighting       | 1 3 5 7 |  7.2
Hexes          | 1 2 3 |  3.4
Translocations | 2 5 |  5.2
Invocations    | 4 6 9 10 | 10.0
Dodging        | 3 4 7 |  7.9
Crossbows      | 1 |  1.7
Shields        | 3 7 8 9 10 | 10.5
Necromancy     | 2 4 |  4.0
Charms         | 2 3 |  3.1
Fire Magic     | 5 8 9 |  9.2
Summonings     | 2 |  2.0

Action                   |  1- 3 |  4- 6 |  7- 9 | 10-12 | 13-15 | 16-18 || total
-------------------------+-------+-------+-------+-------+-------+-------++-------
Melee: Morningstar       |       |     1 |       |       |       |       ||     1
       Hand axe          |       |       |     5 |       |       |       ||     5
       Hand crossbow     |       |       |       |       |     4 |       ||     4
       Trident           |       |       |       |       |       |     2 ||     2
 Fire: Hand crossbow     |       |       |       |    12 |    56 |       ||    68
Throw: Stone             |       |       |       |       |       |     1 ||     1
 Cast: Magic Dart        |    67 |   176 |   232 |   274 |   266 |    32 ||  1047
       Searing Ray       |     1 |    12 |    37 |    34 |     9 |       ||    93
       Iskenderun's Myst |       |       |    35 |   288 |   878 |   312 ||  1513
       Fulminant Prism   |       |       |     5 |     5 |    22 |    12 ||    44
       Force Lance       |       |       |       |       |     5 |     4 ||     9
       Fireball          |       |       |       |       |    26 |       ||    26
       Sticky Flame      |       |       |       |       |    17 |     4 ||    21
       Regeneration      |       |       |       |       |     1 |     1 ||     2
       Orb of Destructio |       |       |       |       |       |    23 ||    23
Invok: Lesser Servant of |       |       |       |     1 |       |     3 ||     4
  Use: Scroll            |       |     4 |     7 |     4 |    18 |    14 ||    47
       Potion            |       |     1 |     1 |     1 |     1 |     2 ||     6
 Stab: Sleeping          |       |       |     1 |       |       |       ||     1
  Eat: Chunk             |     1 |    10 |    14 |    20 |    34 |    18 ||    97
       Ration            |       |     1 |     1 |     2 |     4 |       ||     8
Armor: Robe              |       |     1 |     3 |       |       |       ||     4
       Ring mail         |       |    19 |    25 |   106 |   145 |    21 ||   316
Dodge: Dodged            |    10 |    42 |    66 |   179 |   187 |    41 ||   525
Block: Shield            |       |       |       |       |   260 |    75 ||   335
       Reflection        |       |       |       |       |    11 |    25 ||    36

Table legend:
 A = Non-vault XP
 B = Vault XP
 C = Vault XP percentage of total XP
 D = Non-vault monster count
 E = Vault monster count
 F = Vault count percentage of total count
                 A         B        C        D         E       F
            +---------+---------+-------+---------+---------+-------
      Total |  166440 |  112636 |  40.4 |     758 |     249 |  24.7
            +---------+---------+-------+---------+---------+-------
        D:1 |      57 |       0 |   0.0 |      27 |       0 |   0.0
        D:2 |     147 |      15 |   9.3 |      32 |       7 |  17.9
        D:3 |     104 |       0 |   0.0 |      20 |       0 |   0.0
        D:4 |     309 |      20 |   6.1 |      21 |       3 |  12.5
        D:5 |     522 |       0 |   0.0 |      17 |       0 |   0.0
        D:6 |     229 |     790 |  77.5 |       9 |       3 |  25.0
        D:7 |    2049 |     121 |   5.6 |      38 |       1 |   2.6
        D:8 |     767 |    1268 |  62.3 |      19 |       4 |  17.4
        D:9 |    3999 |    2906 |  42.1 |      40 |      12 |  23.1
       D:10 |    4816 |       0 |   0.0 |      34 |       0 |   0.0
       D:11 |    4977 |    1346 |  21.3 |      45 |       3 |   6.2
       D:12 |    4933 |       0 |   0.0 |      51 |       0 |   0.0
       D:13 |   10726 |       0 |   0.0 |      39 |       0 |   0.0
       D:14 |   12543 |    4487 |  26.3 |      38 |      10 |  20.8
       D:15 |   15292 |    2288 |  13.0 |      45 |       3 |   6.2
     Lair:1 |    1736 |     210 |  10.8 |       4 |       1 |  20.0
     Lair:2 |    2733 |       0 |   0.0 |      13 |       0 |   0.0
     Lair:3 |    9078 |       0 |   0.0 |      33 |       0 |   0.0
     Lair:4 |    2384 |    1674 |  41.3 |      11 |       9 |  45.0
     Lair:5 |    4489 |    3402 |  43.1 |      20 |      12 |  37.5
     Lair:6 |   11952 |   15749 |  56.9 |      40 |      66 |  62.3
      Orc:1 |    2837 |     338 |  10.6 |      22 |      10 |  31.2
      Orc:2 |    5381 |   16347 |  75.2 |      44 |      38 |  46.3
      Elf:1 |   25051 |       0 |   0.0 |      37 |       0 |   0.0
      Elf:2 |   29747 |   25724 |  46.4 |      44 |      30 |  40.5
      Elf:3 |    9582 |   35603 |  78.8 |      15 |      24 |  61.5
    Ossuary |       0 |     348 | 100.0 |       0 |      13 | 100.0
            +---------+---------+-------+---------+---------+-------
